 Dungeon Crawl Stone Soup version 0.16-a0-3288-g377cd6f (webtiles) character file.

69 myeffort the Sneak (level 4, 0/23 HPs)
             Began as a Vine Stalker Assassin on Dec 24, 2014.
             Succumbed to an adder's poison
             ... on level 3 of the Dungeon.
             The game lasted 00:05:26 (1100 turns).

myeffort the Sneak (Vine Stalker Assassin)          Turns: 1100, Time: 00:05:27

Health: 0/23       AC:  3    Str: 13    XL:     4   Next: 20%
Magic:  2/5        EV: 11    Int: 11    God:
Gold:   37         SH:  0    Dex: 17    Spells: 0 memorised, 3 levels left

rFire  . . .     SeeInvis .     a - +2 dagger
rCold  . . .     Clarity  .     c - +0 robe
rNeg   . . .     SustAb   .     (no shield)
rPois  .         Gourm    .     (no helmet)
rElec  .         Spirit   +     d - +0 cloak
rCorr  .         Warding  .     (no gloves)
rMut   .         Stasis   .     (no boots)
MR     .....                    (no amulet)
Stlth  ++++......               (no ring)
                                (no ring)

@: lethally poisoned, very slightly contaminated, not resistant to hostile
enchantments, stealthy
A: fangs 2, regeneration 1, magic shield, antimagic bite, no device heal 3, rot
immunity
a: no special abilities


You were on level 3 of the Dungeon.
You were hungry.

You visited 1 branch of the dungeon, and saw 3 of its levels.

You collected 37 gold pieces.

Inventory:

Hand weapons
 a - a +2 dagger (weapon)
 b - a +0 blowgun
Missiles
 e - 8 poisoned needles
 f - 2 curare-tipped needles
Armour
 c - a +0 robe (worn)
 d - a +0 cloak (worn)
 p - a +0 buckler
Scrolls
 i - a scroll of random uselessness {unknown}
 k - a scroll of remove curse {unknown}
 m - 2 scrolls of noise {unknown}
 q - a scroll of teleportation {unknown}
 s - a scroll of enchant armour {unknown}
Comestibles
 g - 3 bread rations
 j - 2 meat rations
 n - a slice of pizza


   Skills:
 - Level 1.7 Fighting
 - Level 1.7 Short Blades
 - Level 1.7 Throwing
 - Level 0.7 Dodging
 + Level 7.1 Stealth


You had 3 spell levels left.
You didn't know any spells.

Dungeon Overview and Level Annotations

Branches:
Dungeon (3/15)

Altars:
Elyvilon
Qazlal

Annotations:
D:3 Ijyb


Innate Abilities, Weirdness & Mutations

You have extremely sharp teeth.
Your natural rate of healing is unusually fast.
When hurt, damage is shared between your health and your magic reserves.
Your bite disrupts and absorbs the magic of your enemies.
Potions and wands cannot restore your health.
You are immune to rotting.


Message History

You feel sick. Ijyb misses you.
You hit Ijyb.
Ijyb is moderately wounded.
Ijyb hits you.
* * * LOW HITPOINT WARNING * * *
You aren't carrying any potions.
You aren't wearing any rings or amulets.
Read which item? (? for menu, Esc to quit)
Blink to where?
Press: ? - help, Dir - move target cursor
As you read the scroll labeled QIUTAM ARROSER, it crumbles to dust.
You are very lightly contaminated with residual magic.
It was a scroll of blinking.
* * * LOW HITPOINT WARNING * * *
You feel sick.
* * * LOW HITPOINT WARNING * * *
You feel sick.
* * * LOW HITPOINT WARNING * * *
You feel sick.
You die...

. ####. #....
#####.#.#
#.....#.#
#.....#.#
#.....#.#
#.....#.#####...
#.....@<......#
#....##.##......
###.###.# ...
#..# #.. . #..#
###. #).# ..
###..### ..
##......## .
#........#


There were no monsters in sight!

Vanquished Creatures
  3 adders
  3 giant geckos
  5 bats (D:1)
  A giant cockroach (D:2)
  7 hobgoblins
  A quokka (D:2)
  3 giant newts
  8 goblins
  2 kobolds (D:1)
  3 rats
36 creatures vanquished.

Notes
Turn   | Place    | Note
--------------------------------------------------------------
     0 | D:1      | myeffort, the Vine Stalker Assassin, began the quest for the Orb.
     0 | D:1      | Reached XP level 1. HP: 11/11 MP: 1/1
    11 | D:1      | Reached skill level 5 in Stealth
   174 | D:1      | Reached XP level 2. HP: 13/15 MP: 3/3
   445 | D:1      | Reached skill level 6 in Stealth
   452 | D:1      | Reached XP level 3. HP: 14/18 MP: 4/4
   811 | D:2      | Found a stormy altar of Qazlal.
   869 | D:2      | Found a white marble altar of Elyvilon.
  1061 | D:3      | Noticed Ijyb
  1087 | D:3      | Reached XP level 4. HP: 11/23 MP: 5/5
  1090 | D:3      | Reached skill level 7 in Stealth
  1097 | D:3      | HP: 1/23 [poisoned by an adder]
  1100 | D:3      | Succumbed to an adder's poison

Action                   |  1- 3 |  4- 6 || total
-------------------------+-------+-------++-------
Melee: Dagger            |    84 |     8 ||    92
  Use: Potion            |     4 |       ||     4
       Scroll            |       |     1 ||     1
 Stab: Sleeping          |    12 |       ||    12
